 Dungeon Crawl Stone Soup version 0.22-a0-407-gb098539 (webtiles) character file.

127165 dstrtnsr the Severer (level 16, -9/155 HPs)
             Began as a Hill Orc Berserker on May 9, 2018.
             Was a High Priest of Trog.
             Mangled by an alligator (20 damage)
             ... led by an alligator
             ... on level 3 of the Swamp.
             The game lasted 00:28:11 (23835 turns).

dstrtnsr the Severer (Hill Orc Berserker)          Turns: 23835, Time: 00:28:11

Health: -9/155     AC: 25    Str: 27      XL:     16   Next: 65%
Magic:  20/20      EV: 11    Int:  7      God:    Trog [*****.]
Gold:   800        SH: 18    Dex: 10 (14) Spells: 15/15 levels left

rFire    . . .     SeeInvis .   y - +2 broad axe (holy)
rCold    . . .     Gourm    .   B - +1 shield {reflect}
rNeg     + . .     Faith    .   K - +0 chain mail {MR+}
rPois    +         Spirit   .   J - +0 helmet
rElec    .         Reflect  +   b - +1 cloak
rCorr    +         Harm     .   m - +1 pair of gloves of Bur Xiong {rPois rN+ rCorr Dex+4}
MR       ++...                  l - +2 pair of boots
Stlth    ..........             G - +3 amulet of reflection
HPRegen  1.35/turn              a - +2 ring of protection
MPRegen  0.17/turn              H - ring of resist corrosion

@: vulnerable, berserk cooldown, very slightly contaminated, regenerating,
slowed, very slow
A: no striking features
}: 1/15 runes: gossamer
a: Berserk, Trog's Hand, Brothers in Arms, Renounce Religion


You were on level 3 of the Swamp.
You worshipped Trog.
Trog was extremely pleased with you.
You were not hungry.

You visited 4 branches of the dungeon, and saw 23 of its levels.

You collected 1138 gold pieces.
You spent 338 gold pieces at shops.

Inventory:

Hand Weapons
 q - a +3 war axe of chopping
 y - a +2 broad axe of holy wrath (weapon)
Armour
 b - a +1 cloak (worn)
 k - a +0 plate armour
 l - a +2 pair of boots (worn)
 m - the +1 pair of gloves of Bur Xiong (worn) {rPois rN+ rCorr Dex+4}
   (You found it on level 4 of the Dungeon)

   It affects your dexterity (+4).
   It protects you from poison.
   It protects you from negative energy.
   It protects you from acid and corrosion.
 B - a +1 shield of reflection (worn)
 J - a +0 helmet (worn)
 K - a +0 chain mail of magic resistance (worn)
Jewellery
 a - a +2 ring of protection (left hand)
 j - an uncursed ring of stealth {unknown}
 G - a +3 amulet of reflection (around neck)
 H - a ring of resist corrosion (right hand)
Wands
 D - a wand of disintegration (14)
 E - a wand of enslavement (17)
 I - a wand of iceblast (13)
 M - a wand of polymorph (25)
 P - a wand of paralysis (41)
 V - a wand of digging (16)
Scrolls
 c - 4 scrolls of remove curse {@r2}
 n - a scroll of holy word
 o - a scroll of magic mapping
 x - a scroll of summoning {unknown}
 F - 2 scrolls of immolation
Potions
 f - 2 potions of flight
 g - 4 potions of mutation
 i - 6 potions of ambrosia
 s - a potion of cancellation
 z - a potion of brilliance
 A - 3 potions of lignification
 C - a potion of berserk rage
Comestibles
 e - 11 rations {!d}


   Skills:
 * Level 17.3 Fighting
 - Level 18.0 Axes
 + Level 13.4 Armour
 + Level 6.1 Dodging
 - Level 15.0 Shields
 + Level 6.5 Evocations


You had 15 spell levels left.
You didn't know any spells.

Dungeon Overview and Level Annotations

Branches:
Dungeon (11/15)            Temple (0/1) D:6            Lair (5/6) D:11
  Swamp (3/4) Lair:4       Spider (4/4) Lair:3          Orc (0/2) D:10
  Slime: Lair:5-6

Altars:
Ashenzari
Cheibriados
Dithmenos
Fedhas
Okawaru
Sif Muna
Trog
Uskayaw
Xom
The Shining One

Shops:
D:8 (   D:10 *

Annotations:
D:6 1 runed door
D:7 1 runed door
D:9 exclusion: ice statue
Swamp:1 Kirke
Swamp:3 Bai Suzhen
Spider:4 exclusion: Roxanne, Roxanne


Message History

You feel yourself slow down.
You barely miss the bog body.
The bog body is severely damaged.
You barely miss Bai Suzhen. You slash the shambling mangrove!
You hit the alligator. Bai Suzhen hits you but does no damage.
Bai Suzhen tail-slaps you. You block the alligator's attack.
The alligator tail-slaps you. The bog body hits you.
You block the bog body's attack.
You block the shambling mangrove's attack.
You hit the bog body.
The bog body convulses.
The bog body is almost destroyed.
You hit the alligator. You hit the shambling mangrove.
You hit Bai Suzhen but do no damage. You block Bai Suzhen's attack.
Bai Suzhen tail-slaps you but does no damage.
The alligator bites you but does no damage.
The alligator barely misses you. The bog body hits you.
The bog body barely misses you. You block the alligator's attack. x2
A very large slime creature splits.
You barely miss the bog body.
The bog body is almost destroyed.
You hit the alligator but do no damage.
Your chain mail prevents you from hitting the shambling mangrove.
You hit Bai Suzhen but do no damage. You block Bai Suzhen's attack. x2
You block the shambling mangrove's attack.
The alligator bites you!
The alligator tail-slaps you but does no damage.
The bog body casts a spell at you. You resist with almost no effort.
You slash the bog body!
You destroy the bog body!
Trog accepts your kill.
Trog appreciates your killing of a magic user.
You slash Bai Suzhen!
Your chain mail prevents you from hitting the shambling mangrove.
You hit the slime creature. You hit the alligator but do no damage.
Bai Suzhen roars!
A four-headed hydra appears.
You block the shambling mangrove's attack.
The alligator bites you!
The alligator tail-slaps you but does no damage.
You block the slime creature's attack.
Two slime creatures merge to form a large slime creature.
You are too injured to fight recklessly!
You are too injured to fight recklessly!
Unknown command.
As you read the scroll of teleportation {!d}, it crumbles to dust.
You feel strangely unstable. Bai Suzhen hits you but does no damage.
Bai Suzhen misses you. You block the alligator's attack.
The alligator tail-slaps you!
* * * LOW HITPOINT WARNING * * *
You block the shambling mangrove's attack.
The large slime creature hits you.
* * * LOW HITPOINT WARNING * * *
You block the alligator's attack. x2
Bai Suzhen hits you with a quarterstaff!
* * * LOW HITPOINT WARNING * * *
Bai Suzhen tail-slaps you but does no damage.
The four-headed hydra bites you but does no damage.
The four-headed hydra bites you.
* * * LOW HITPOINT WARNING * * *
The four-headed hydra barely misses you.
The four-headed hydra bites you.
* * * LOW HITPOINT WARNING * * *
Unknown command.
Blink to where?
Press: ? - help, Dir - move target cursor You are very lightly contaminated with residual magic.
As you read the scroll of blinking, it crumbles to dust.
An alligator and a swamp worm come into view.
You escape the reach of the grasping roots.
Found 26 bolts.
You feel better.
Roots grasp at your feet, making movement difficult.
Your skin crawls.
You feel resistant to hostile enchantments.
You feel somewhat more hungry.
Your surroundings suddenly seem different.
Unknown command.
You escape the reach of the grasping roots.
The swamp worm throws harpoon shot at you.
Your +1 shield of reflection reflects the harpoon shot!
The harpoon shot misses the swamp worm.
The harpoon shot hits the alligator.
The swamp worm throws harpoon shot at you.
The harpoon shot hits you!
* * * LOW HITPOINT WARNING * * *
You are yanked forward by the harpoon shot.
Splash!
You fall into the shallow water.
Moving in this stuff is going to be slow.
The alligator bites you!
* * * LOW HITPOINT WARNING * * *
You block the alligator's attack. You block the swamp worm's attack.
Found a hardcover book.
Unknown command.
Okay, then.
As you read the scroll of vulnerability, it crumbles to dust.
Magic quickly surges around you.
The swamp worm bites you but does no damage.
The alligator bites you!!
You die...

≈≈≈ .≈≈≈≈ ≈≈≈≈.♣
≈§≈≈≈.♣♣♣
w.......♣♣
..≈≈♣.....♣ ≈♣.
≈...≈≈≈.♣♣♣..≈.
♣..♣♣♣♣≈..≈≈... ♣.
♣@t..≈≈.≈ .♣♣♣.≈
♣wt≈..≈.≈
.....≈♣♣♣♣........
......≈≈≈..≈≈.≈.§≈
..≈
.............≈(§.≈
.≈.
≈≈≈....♣♣♣......:≈
..≈. ♣♣♣≈.t.♣
♣≈...≈... ....
♣≈...♣ ♣≈≈......
≈♣..≈ ♣≈...


You could see 2 alligators and a swamp worm.

Vanquished Creatures
  Arachne (Spider:4)
  The ghost of zkyp the Severer, an adept OgBe of Trog (Spider:3)
  5 ghost moths (Spider:4)
  10 emperor scorpions
  4 entropy weavers
  A spark wasp (Spider:2)
  Josephine (Spider:1)
  5 hydras
  4 two-headed ogres
  5 alligators
  A tengu warrior (D:11)
  Nergalle (D:11)
  2 unseen horrors (D:11)
  A shambling mangrove (Swamp:3)
  A swamp dragon (Swamp:2)
  An orc knight (D:11)
  28 wolf spiders
  21 orb spiders
  A manticore (D:11)
  A moth of wrath (Spider:4)
  Maurice (D:9)
  A black mamba (Lair:3)
  4 elephants (Lair:3)
  A centaur zombie (D:11)
  Psyche (D:8)
  2 torpor snails
  A rime drake (Lair:2)
  A centaur skeleton (D:10)
  11 spiny frogs
  2 komodo dragons
  15 demonic crawlers
  2 ice devils (Lair:3)
  37 jumping spiders
  2 tyrant leeches
  2 trolls
  9 bog bodies
  10 hornets
  5 blink frogs (Lair:4)
  4 slime creatures
  6 hippogriffs
  4 dream sheep (Lair:4)
  A spriggan (D:10)
  74 redbacks
  23 tarantellas
  4 shadows (Swamp:2)
  13 yaks
  6 wraiths
  6 wyverns
  2 basilisks
  A hungry ghost (D:11)
  An acid dragon (D:11)
  3 swamp worms
  10 porcupines
  3 water moccasins
  5 ice beasts
  An orc warrior (D:11)
  3 phantoms
  2 sky beasts
  An eye of draining (D:11)
  A swamp drake (Swamp:1)
  6 ogres
  6 centaurs
  5 crocodiles
  2 big kobolds (D:11)
  9 bullfrogs
  A wyvern skeleton (D:10)
  A water moccasin skeleton (D:5)
  3 scorpions
  2 electric eels (Lair:4)
  3 crimson imps
  3 bullfrog zombies
  6 jellies
  5 hounds
  2 bullfrog skeletons
  3 orc priests
  3 iguanas
  11 orc wizards
  9 worker ants
  A hound skeleton (D:5)
  A worker ant zombie (D:5)
  8 gnolls
  10 adders
  An adder zombie (D:5)
  3 worms
  2 dart slugs
  7 leopard geckos
  49 orcs
  3 giant cockroaches
  4 hobgoblins
  5 jackals (D:2)
  4 quokkas
  A bat (D:2)
  A frilled lizard (D:2)
  3 goblins
  A jackal skeleton (D:4)
  13 kobolds
  A quokka skeleton (D:10)
  7 rats
  A fungus (Lair:5)
582 creatures vanquished.

Vanquished Creatures (collateral kills)
  4 orb spiders
  An ugly thing (D:11)
  A cyclops (D:11)
  A jumping spider (Spider:4)
  A dream sheep (Lair:4)
  2 orc wizards (D:11)
  An orc (D:11)
11 creatures vanquished.

Vanquished Creatures (others)
  3 redbacks
  A fungus (Lair:2)
  3 withered plants (Swamp:2)
7 creatures vanquished.

Grand Total: 600 creatures vanquished

Notes
Turn   | Place    | Note
-------+----------+-------------------------------------------
     0 | D:1      | dstrtnsr the Hill Orc Berserker began the quest for the Orb.
     0 | D:1      | Reached XP level 1. HP: 19/19 MP: 1/1
    16 | D:1      | Reached XP level 2. HP: 27/27 MP: 2/2
   137 | D:2      | Reached skill level 5 in Axes
   137 | D:2      | Reached XP level 3. HP: 33/33 MP: 3/3
   563 | D:2      | Reached XP level 4. HP: 34/41 MP: 4/4
   750 | D:3      | Noticed a phantom
   781 | D:3      | HP: 14/41 [phantom (3)]
   786 | D:3      | HP: 12/41 [phantom (3)]
  1096 | D:3      | Killed a phantom
  1096 | D:3      | Reached skill level 5 in Fighting
  1096 | D:3      | Reached skill level 6 in Axes
  1096 | D:3      | Reached XP level 5. HP: 48/48 MP: 5/5
  1200 | D:3      | Reached skill level 7 in Axes
  1207 | D:3      | Reached ** piety under Trog
  1250 | D:3      | Reached XP level 6. HP: 42/56 MP: 6/6
  1522 | D:4      | Got a pair of transparent gloves
  1533 | D:4      | Reached skill level 8 in Axes
  1544 | D:4      | Identified the +1 pair of gloves of Bur Xiong {rPois rN+ rCorr Dex+4} (You found it on level 4 of the Dungeon)
  1913 | D:4      | HP: 15/57 [orc priest/divine providence (13)]
  1916 | D:4      | Reached XP level 7. HP: 22/63 MP: 7/7
  2109 | D:4      | Found the +11 plutonium sword {*Contam Stlth-}
  2122 | D:4      | Reached skill level 9 in Axes
  2497 | D:5      | Entered Level 5 of the Dungeon
  3157 | D:6      | Reached skill level 10 in Axes
  3232 | D:6      | Found an iron altar of Okawaru.
  3272 | D:6      | Reached XP level 8. HP: 73/73 MP: 8/8
  3593 | D:6      | Found a glowing golden altar of the Shining One.
  3593 | D:6      | Found a runed door.
  3593 | D:6      | Noticed an angel
  3658 | D:6      | Found a deep blue altar of Sif Muna.
  3679 | D:6      | Found a shadowy altar of Dithmenos.
  3746 | D:6      | Reached skill level 11 in Axes
  3929 | D:7      | Reached *** piety under Trog
  4228 | D:7      | Found a bloodstained altar of Trog.
  4228 | D:7      | Found a shimmering altar of Xom.
  4233 | D:7      | Found a snail-covered altar of Cheibriados.
  4235 | D:7      | Found a blossoming altar of Fedhas.
  4237 | D:7      | Found a shattered altar of Ashenzari.
  4296 | D:7      | Found a runed door.
  4297 | D:7      | Noticed a shadow
  4414 | D:8      | Reached XP level 9. HP: 81/81 MP: 9/9
  4565 | D:8      | Reached skill level 12 in Axes
  4733 | D:8      | Found Orchonk's Weapon Boutique.
  4739 | D:8      | Bought a +1 broad axe of holy wrath for 170 gold pieces
  5070 | D:8      | Noticed Psyche
  5241 | D:8      | Killed Psyche
  5241 | D:8      | Reached skill level 5 in Armour
  5445 | D:9      | Reached skill level 13 in Axes
  5503 | D:9      | Noticed a troll
  5509 | D:9      | Killed a troll
  5608 | D:9      | Reached **** piety under Trog
  5774 | D:9      | Reached XP level 10. HP: 91/91 MP: 10/10
  5938 | D:9      | Noticed an ice statue
  6090 | D:9      | Noticed Maurice
  6111 | D:9      | Reached skill level 14 in Axes
  6179 | D:9      | Found a hide-covered altar of Uskayaw.
  6463 | D:9      | Killed Maurice
  6463 | D:9      | Reached skill level 10 in Fighting
  6633 | D:6      | Reached skill level 1 in Shields
  6741 | D:6      | Found a staircase to the Ecumenical Temple.
  7106 | D:10     | Entered Level 10 of the Dungeon
  7362 | D:10     | Found a staircase to the Orcish Mines.
  7415 | D:10     | Noticed a two-headed ogre
  7420 | D:10     | Killed a two-headed ogre
  7540 | D:10     | Noticed a two-headed ogre
  7548 | D:10     | Killed a two-headed ogre
  7785 | D:10     | Reached skill level 15 in Axes
  7785 | D:10     | Reached XP level 11. HP: 101/101 MP: 11/11
  7935 | D:10     | Found Veyklien's Changing Room.
  7947 | D:10     | Bought a potion of lignification for 36 gold pieces
  7947 | D:10     | Bought a potion of lignification for 36 gold pieces
  7947 | D:10     | Bought a potion of mutation for 96 gold pieces
  8213 | D:11     | Reached skill level 5 in Shields
  8323 | D:11     | Noticed an orc knight
  8342 | D:11     | Killed an orc knight
  8342 | D:11     | Reached ***** piety under Trog
  8406 | D:11     | HP: 39/101 [something (4)]
  8408 | D:11     | Killed an unseen horror
  8659 | D:11     | Noticed a manticore
  8667 | D:11     | Killed a manticore
  8786 | D:11     | Noticed a two-headed ogre
  8797 | D:11     | Killed a two-headed ogre
  9061 | D:11     | Noticed Nergalle
  9076 | D:11     | Killed Nergalle
  9093 | D:11     | Found a staircase to the Lair.
  9222 | D:11     | Noticed a two-headed ogre
  9227 | D:11     | Killed a two-headed ogre
  9227 | D:11     | Reached skill level 16 in Axes
  9230 | D:11     | Noticed a cyclops
  9237 | D:11     | Killed a cyclops
  9241 | D:11     | Noticed a green ugly thing
  9244 | D:11     | Killed a green ugly thing
  9367 | D:11     | Noticed a five-headed hydra
  9380 | D:11     | Killed a 14-headed hydra
  9531 | D:11     | Noticed a tengu warrior
  9543 | D:11     | Killed a tengu warrior
  9543 | D:11     | Reached XP level 12. HP: 110/110 MP: 12/12
 10137 | Lair:1   | Entered Level 1 of the Lair of Beasts
 10292 | Lair:1   | Noticed a four-headed hydra
 10307 | Lair:1   | Killed a 12-headed hydra
 11002 | Lair:2   | Reached skill level 17 in Axes
 11536 | Lair:3   | Found a labyrinth entrance.
 11650 | Lair:3   | Found a hole to the Spider Nest.
 11923 | Lair:3   | Found a frozen archway.
 12011 | Lair:3   | Reached skill level 10 in Shields
 12125 | Lair:3   | Reached XP level 13. HP: 118/118 MP: 13/13
 12348 | Lair:4   | Found a shimmering altar of Xom.
 12392 | Lair:4   | Found a staircase to the Swamp.
 13056 | Lair:4   | Got a twitching copper amulet
 13058 | Lair:4   | Identified the amulet of Brilliance {Inacc rPois Str+2} (You found it on level 4 of the Lair of Beasts)
 13079 | Lair:4   | Reached skill level 10 in Armour
 13247 | Lair:4   | Reached skill level 18 in Axes
 13647 | Lair:5   | HP: 66/178 [17-headed hydra (9)]
 13649 | Lair:5   | HP: 32/178 [19-headed hydra (1)]
 13651 | Lair:5   | HP: 8/178 [19-headed hydra (8)]
 13662 | Lair:5   | HP: 27/119 [six-headed hydra (6)]
 14086 | Spider:1 | Entered Level 1 of the Spider Nest
 14338 | Spider:1 | HP: 32/119 [disintegration (22)]
 14373 | Spider:1 | HP: 54/178 [demonic crawler (9)]
 14990 | Spider:1 | Noticed Josephine
 15005 | Spider:1 | Killed Josephine
 15419 | Spider:2 | Noticed a spark wasp
 15438 | Spider:2 | Killed a spark wasp
 15449 | Spider:2 | Received a gift from Trog
 15572 | Spider:2 | Noticed an entropy weaver
 15583 | Spider:2 | Killed an entropy weaver
 15583 | Spider:2 | Reached XP level 14. HP: 129/129 MP: 14/14
 15601 | Spider:2 | HP: 51/129 [redback (11)]
 16123 | Spider:2 | Noticed an emperor scorpion
 16160 | Spider:2 | Killed an emperor scorpion
 16315 | Spider:2 | HP: 52/130 [tarantella (9)]
 16320 | Spider:2 | HP: 51/130 [poisoned by a wolf spider]
 16326 | Spider:2 | HP: 26/130 [wolf spider (7)]
 16949 | Spider:2 | Reached skill level 1 in Evocations
 17712 | Spider:2 | Noticed an emperor scorpion
 17731 | Spider:2 | HP: 52/133 [wolf spider (8)]
 17733 | Spider:2 | HP: 25/133 [wolf spider (8)]
 17735 | Spider:2 | HP: 11/133 [wolf spider (11)]
 17736 | Spider:2 | HP: 4/133 [wolf spider (10)]
 18218 | Spider:2 | Noticed an emperor scorpion
 18238 | Spider:2 | Killed an emperor scorpion
 18238 | Spider:2 | HP: 75/199 [disintegration (37)]
 18594 | Spider:4 | Entered Level 4 of the Spider Nest
 18945 | Spider:3 | Received a gift from Trog
 19190 | Spider:3 | Reached XP level 15. HP: 132/139 MP: 17/17
 19210 | Spider:3 | Noticed zkyp's ghost (adept OgBe)
 19235 | Spider:3 | Killed zkyp's ghost
 19295 | Spider:4 | Noticed Roxanne
 19311 | Spider:4 | Noticed an emperor scorpion
 19321 | Spider:4 | Reached skill level 15 in Fighting
 19347 | Spider:4 | HP: 54/141 [emperor scorpion (15)]
 19352 | Spider:4 | HP: 65/211 [emperor scorpion (6)]
 19356 | Spider:4 | Killed an emperor scorpion
 19523 | Spider:4 | Noticed an emperor scorpion
 19527 | Spider:4 | HP: 49/141 [emperor scorpion (9)]
 19532 | Spider:4 | HP: 50/141 [emperor scorpion (7)]
 19537 | Spider:4 | Killed an emperor scorpion
 19537 | Spider:4 | HP: 38/141 [poisoned by an emperor scorpion]
 19541 | Spider:4 | HP: 14/141 [jumping spider (6)]
 19579 | Spider:4 | HP: 48/141 [entropy weaver (9)]
 19588 | Spider:4 | HP: 52/211 [redback (10)]
 19600 | Spider:4 | HP: 24/141 [redback (12)]
 19731 | Spider:4 | HP: 49/141 [demonic crawler (8)]
 19748 | Spider:4 | Noticed an emperor scorpion
 19753 | Spider:4 | HP: 54/141 [wolf spider (5)]
 19758 | Spider:4 | HP: 30/141 [poisoned by a wolf spider]
 19763 | Spider:4 | HP: 28/141 [poisoned by a wolf spider]
 19768 | Spider:4 | HP: 56/141 [jumping spider (2)]
 19773 | Spider:4 | HP: 53/141 [poisoned by a wolf spider]
 19780 | Spider:4 | HP: 44/141 [poisoned by a wolf spider]
 19786 | Spider:4 | HP: 43/141 [redback (5)]
 19791 | Spider:4 | HP: 33/141 [poisoned by a redback]
 19796 | Spider:4 | HP: 24/141 [poisoned by a redback]
 20220 | Spider:4 | Noticed an emperor scorpion
 20239 | Spider:4 | Killed an emperor scorpion
 20364 | Spider:4 | Noticed Arachne
 20399 | Spider:4 | HP: 45/141 [Arachne/bolt of poison (15)]
 20404 | Spider:4 | HP: 42/141 [poisoned by Arachne (bolt of poison)]
 20404 | Spider:4 | Killed Arachne
 20409 | Spider:4 | HP: 60/211 [poisoned by Arachne (bolt of poison)]
 20414 | Spider:4 | HP: 42/143 [poisoned by Arachne (bolt of poison)]
 20419 | Spider:4 | HP: 46/143 [poisoned by Arachne (bolt of poison)]
 20424 | Spider:4 | HP: 52/143 [poisoned by Arachne (bolt of poison)]
 20430 | Spider:4 | HP: 54/143 [poisoned by Arachne (bolt of poison)]
 20437 | Spider:4 | HP: 54/143 [poisoned by Arachne (bolt of poison)]
 20759 | Spider:4 | Killed an emperor scorpion
 20808 | Spider:4 | Reached skill level 5 in Evocations
 20818 | Spider:4 | Noticed an emperor scorpion
 20832 | Spider:4 | Killed an emperor scorpion
 20848 | Spider:4 | Killed a ghost moth
 20848 | Spider:4 | Reached skill level 15 in Shields
 20901 | Spider:4 | Killed a ghost moth
 20974 | Spider:4 | Noticed an emperor scorpion
 20998 | Spider:4 | Killed an emperor scorpion
 21078 | Spider:4 | HP: 54/144 [something (8)]
 21081 | Spider:4 | Killed a ghost moth
 21168 | Spider:4 | Reached skill level 5 in Dodging
 21168 | Spider:4 | Reached XP level 16. HP: 113/151 MP: 13/19
 21432 | Spider:4 | Received a gift from Trog
 21457 | Spider:4 | HP: 59/152 [poisoned by a wolf spider]
 21462 | Spider:4 | HP: 55/152 [poisoned by a wolf spider]
 21467 | Spider:4 | HP: 52/152 [poisoned by a wolf spider]
 21472 | Spider:4 | HP: 50/152 [poisoned by a wolf spider]
 21479 | Spider:4 | HP: 50/152 [poisoned by a wolf spider]
 21486 | Spider:4 | HP: 50/152 [poisoned by a wolf spider]
 21494 | Spider:4 | HP: 51/152 [poisoned by a wolf spider]
 21635 | Spider:4 | HP: 87/228 [jumping spider (13)]
 21640 | Spider:4 | HP: 86/228 [wolf spider (2)]
 21650 | Spider:4 | HP: 24/152 [disintegration (23)]
 21652 | Spider:4 | HP: 4/152 [disintegration (20)]
 21829 | Spider:4 | HP: 59/152 [disintegration (22)]
 21835 | Spider:4 | HP: 58/152 [poisoned by an emperor scorpion]
 21840 | Spider:4 | HP: 57/152 [poisoned by an emperor scorpion]
 21845 | Spider:4 | HP: 58/152 [poisoned by an emperor scorpion]
 21851 | Spider:4 | HP: 58/152 [poisoned by an emperor scorpion]
 22221 | Spider:4 | HP: 48/154 [disintegration (19)]
 22709 | Spider:4 | Got a gossamer rune of Zot
 22955 | Swamp:1  | Entered Level 1 of the Swamp
 23249 | Swamp:1  | Noticed Kirke
 23786 | Swamp:3  | Noticed Bai Suzhen
 23798 | Swamp:3  | Received a gift from Trog
 23828 | Swamp:3  | HP: 62/155 [alligator[an alligator] (12)]
 23830 | Swamp:3  | HP: 21/155 [Bai Suzhen/quarterstaff (13)]
 23834 | Swamp:3  | HP: 9/155 [alligator (9)]
 23835 | Swamp:3  | Mangled by an alligator

Vault maps used:
D:1:      dpeg_arrival_arbitrary_c
D:2:      first_ration
D:3:      nemelex_dance_club_becter, uniq_natasha
D:5:      portal_sewer_entry_f
D:6:      led_sif_pool, nicolae_dithmenos_through_a_glass_darkly,
          minmay_temple_entry_fiery, basic_altar, lemuel_angel_altar
D:7:      minmay_the_grid_triangle_9x9_recursive_2,
          chequers_temple_overflow_minitemple, minmay_misc_feat_ornament
D:8:      serial_shops, kennysheep_mini_moat, uniq_psyche
D:9:      lemuel_ice_statue, lemuel_coloured_pillars_altar, uniq_maurice
D:10:     david_orc_2, minmay_misc_feat_square, the_bakery,
          nicolae_transmutations_shop
D:11:     minmay_wavy_crystal, erik_lair_dragon, serial_corexii_hall,
          corexii_hall_statues_x, corexii_hall_statues_i,
          wad_floor_pattern_untrapped, uniq_nergalle
Lair:1:   cheibrodos_lair_river_kwai, grunt_megastairs_1, lemuel_fruit_tree,
          minmay_lair_oklob_chamber
Lair:3:   spider_nest_entry_a, lab_entry_generic, portal_ice_cave_demonic_guard
Lair:4:   swamp_mist_pool, basic_altar, grunt_megastairs_5
Swamp:1:  evilmike_swamp_ruin_house_1, swamp_pool2, uniq_kirke
Swamp:2:  serial_swamp_ruin, evilmike_swamp_ruin_wall,
          evilmike_swamp_ruin_rubble_2, evilmike_swamp_ruin_house_5,
          swamp_pool1, st_shrine_of_shade
Swamp:3:  hangedman_swamp_blocks, hangedman_swamp_diagram, uniq_bai_suzhen
Spider:1: uniq_josephine
Spider:2: nicolae_spider_corner, hangedman_spider_tarantella_strand
Spider:4: johnstein_spider_rune_arachne_lair, uniq_roxanne

Skill      XL: |  1  2  3  4  5  6  7  8  9 10 11 12 13 14 15 16 |
---------------+-------------------------------------------------+-----
Fighting       | 4 5 6 7 8 9 10 11 12 13 14 16 17 | 17.3
Axes           | 5 6 7 8 10 11 13 15 16 17 18 | 18.0
Armour         | 3 6 7 8 9 11 12 13 | 13.4
Shields        | 4 7 10 12 14 15 | 15.0
Evocations     | 3 5 6 |  6.5
Dodging        | 3 5 6 |  6.1

Action                   |  1- 3 |  4- 6 |  7- 9 | 10-12 | 13-15 | 16-18 || total
-------------------------+-------+-------+-------+-------+-------+-------++-------
Melee: Hand axe          |    53 |   129 |   154 |       |       |       ||   336
       War axe           |       |       |   147 |       |       |       ||   147
       Broad axe         |       |       |    71 |   412 |   898 |   356 ||  1737
Invok: Berserk           |     3 |     6 |    10 |    21 |    27 |     9 ||    76
       Trog's Hand       |       |       |       |     3 |    10 |     5 ||    18
       Brothers in Arms  |       |       |       |     1 |     9 |     1 ||    11
Evoke: Wand              |       |       |     4 |     1 |    21 |     2 ||    28
  Use: Scroll            |     2 |     7 |     1 |    13 |    11 |     7 ||    41
       Potion            |       |     2 |       |       |    15 |     4 ||    21
 Stab: Paralysed         |       |       |       |     4 |       |       ||     4
       Distracted        |       |       |       |       |     2 |       ||     2
  Eat: Chunk             |     2 |     7 |    25 |    39 |    11 |     9 ||    93
       Ration            |       |     1 |     1 |       |    14 |     3 ||    19
Armor: Plate armour      |     6 |   118 |   219 |   193 |       |       ||   536
       Animal skin       |     4 |       |       |       |       |       ||     4
       Chain mail        |       |       |       |    27 |   680 |   229 ||   936
       Skin              |       |       |       |       |    26 |       ||    26
Dodge: Dodged            |    24 |    62 |   127 |    68 |   328 |    87 ||   696
Block: Shield            |       |       |       |   214 |   886 |   354 ||  1454
       Reflection        |       |       |       |     3 |     2 |     2 ||     7

Table legend:
 A = Spawn XP
 B = Non-spawn XP
 C = Spawn XP percentage of total XP
 D = Spawn monster count
 E = Non-spawn monster count
 F = Spawn count percentage of total count
 G = Total turns spent on level
                    A         B        C        D         E        F      G
               +---------+---------+-------+---------+---------+-------+---------
         Total |       0 |  163094 |   0.0 |       0 |     595 |   0.0 | 23835
               +---------+---------+-------+---------+---------+-------+---------
           D:1 |       0 |      26 |   0.0 |       0 |       6 |   0.0 |   132
           D:2 |       0 |      71 |   0.0 |       0 |      24 |   0.0 |   905
           D:3 |       0 |     265 |   0.0 |       0 |      18 |   0.0 |   781
           D:4 |       0 |     540 |   0.0 |       0 |      29 |   0.0 |   679
           D:5 |       0 |     183 |   0.0 |       0 |       8 |   0.0 |   643
           D:6 |       0 |     902 |   0.0 |       0 |      14 |   0.0 |  1102
           D:7 |       0 |     540 |   0.0 |       0 |      16 |   0.0 |   700
           D:8 |       0 |    1481 |   0.0 |       0 |      17 |   0.0 |  1038
           D:9 |       0 |    2258 |   0.0 |       0 |      29 |   0.0 |  1126
          D:10 |       0 |    3353 |   0.0 |       0 |      23 |   0.0 |  1090
          D:11 |       0 |   11565 |   0.0 |       0 |      56 |   0.0 |  1941
        Lair:1 |       0 |    3905 |   0.0 |       0 |      15 |   0.0 |   626
        Lair:2 |       0 |    1575 |   0.0 |       0 |       5 |   0.0 |   773
        Lair:3 |       0 |    6373 |   0.0 |       0 |      23 |   0.0 |   837
        Lair:4 |       0 |    5600 |   0.0 |       0 |      24 |   0.0 |  1730
        Lair:5 |       0 |    1841 |   0.0 |       0 |       6 |   0.0 |    39
       Swamp:1 |       0 |    2819 |   0.0 |       0 |       9 |   0.0 |   302
       Swamp:2 |       0 |    8508 |   0.0 |       0 |      21 |   0.0 |   529
       Swamp:3 |       0 |    2940 |   0.0 |       0 |       7 |   0.0 |    49
      Spider:1 |       0 |   11529 |   0.0 |       0 |      36 |   0.0 |  1584
      Spider:2 |       0 |   30539 |   0.0 |       0 |      75 |   0.0 |  3344
      Spider:3 |       0 |    8882 |   0.0 |       0 |      23 |   0.0 |   763
      Spider:4 |       0 |   57399 |   0.0 |       0 |     111 |   0.0 |  3122
               +---------+---------+-------+---------+---------+-------+---------
